Selects Australian Defense Battlegroup
Selects Australian Light Infantry Section
Australian Light Infantry Section
Australian Light Infantry Section
Construct Section Command Post
Australian Light Infantry Section
Construct Platoon Command Post
Construct Field Infirmary
Australian Light Infantry Section
Unlock M3 Stuart Light Tanks
Selects Defensive Tactics
Selects Vehicle Over Repair
6-pounder Anti-tank Gun Team
Construct Company Command Post
Selects CMP 15cwt Supply Run